 Dungeon Crawl Stone Soup version 0.30-a0-743-gbfdf073431 (webtiles) character file.

Game seed: 7118907265608704290

775 BigDaddyOpFi the Shield-Bearer (level 8, -5/63 HPs)
             Began as a Formicid Fighter on Feb 6, 2023.
             Was a Believer of Cheibriados.
             Slain by an ogre
             ... wielding a +0 giant club
              (16 damage)
             ... on level 5 of the Dungeon.
             The game lasted 00:07:10 (5824 turns).

BigDaddyOpFi the Shield-Bearer (Formicid Fighter)   Turns: 5824, Time: 00:07:10

Health: -5/63      AC:  8    Str: 25 (28) XL:     8   Next: 10%
Magic:  10/10      EV:  9    Int:  8 (11) God:    Cheibriados [**....]
Gold:   274        SH:  5    Dex: 10 (17) Spells: 7/7 levels left

rFire   . . .      SeeInvis +    i - +0 spear
rCold   x . .      Faith    .    c - +0 buckler
rNeg    . . .      Spirit   .    b - +0 scale mail
rPois   .          Reflect  .    (helmet unavailable)
rElec   .          Harm     .    (no cloak)
rCorr   .          Rampage  .    m - +0 pair of gloves
Will    .....                    (no boots) Stlth
                                 (no amulet)
HPRegen 0.30/turn                (no ring)
MPRegen 0.12/turn                (no ring)

@: very slow
A: permanent stasis, dig shafts and tunnels, antennae 3, four strong arms, cold
vulnerability 1
a: Dig, Shaft Self, Renounce Religion, Bend Time


You were on level 5 of the Dungeon.
You worshipped Cheibriados.
Cheibriados was pleased with you.
You visited 2 branches of the dungeon, and saw 6 of its levels.

You collected 274 gold pieces.

Inventory:

Hand Weapons
 a - a +0 war axe
 i - a +0 spear (weapon)
Armour
 b - a +0 scale mail (worn)
 c - a +0 buckler (worn)
 m - a +0 pair of gloves (worn)
Jewellery
 p - a ring of ice
Wands
 e - a wand of polymorph (8)
 q - a wand of charming (3)
Scrolls
 f - a scroll of blinking
 h - a scroll of magic mapping
 j - a scroll of amnesia {unknown}
 l - 5 scrolls of teleportation
 n - 7 scrolls of identify
 s - a scroll of vulnerability {unknown}
Potions
 d - a potion of degeneration
 g - a potion of cancellation
 t - a potion of haste


   Skills:
 + Level 5.4 Fighting
 - Level 2.9(3.5) Axes
 + Level 3.0(3.6) Polearms
 + Level 5.4 Armour
 + Level 6.6 Shields
 + Level 2.7 Invocations


You had 7 spell levels left.
You didn't know any spells.
Your spell library contained the following spells:

 Spells                   Type           Power      Damage    Failure   Level
 Dazzling Flash           Conj/Hex       0%         N/A       98%         3
 Iskenderun's Mystic Bla  Conj/Tloc      0%         2d3       100%        4
 Starburst                Conj/Fire      0%         6d3       100%        6


Dungeon Overview and Level Annotations

Branches:
Dungeon (5/15)             Temple (1/1) D:4

Altars:
Cheibriados
Elyvilon
Fedhas
Qazlal
Ru
Uskayaw

Shops:
D:2 ![?   D:3 (=*

Annotations:
D:4 Eustachio


Innate Abilities, Weirdness & Mutations

You cannot be hasted, slowed, berserked, paralysed or teleported.
You can dig through walls and to a lower floor.
You have a pair of large antennae on your head. (SInv)
Your four strong arms can wield two-handed weapons with a shield.
You are vulnerable to cold. (rC-)


Message History

You feel sick. The adder barely misses you. The adder bites you.
You are more poisoned.
The adder poisons you!
You closely miss the adder.
The adder is moderately wounded.
You feel sick. The adder closely misses you.
You puncture the adder!
You kill the adder!
Cheibriados thoroughly appreciates the change of pace.
Cheibriados raises the support of your attributes as your movement slows.
You feel sick.
You feel sick.
e - a wand of polymorph (8)
There is an open door, spattered with blood here.
Items here: )) [ ÷÷÷ †.
You feel sick.
You start resting.
You feel sick. x5
You are no longer poisoned.
You start resting.
An ogre comes into view. It is wielding a +0 giant club.
An ogre is nearby!
An ogre is nearby!
An ogre is nearby!
The ogre shouts!
The ogre hits you with a +0 giant club!!
You hit the ogre.
The ogre is lightly wounded.
The ogre barely misses you.
You barely miss the ogre.
The ogre is lightly wounded.
The ogre hits you with a +0 giant club!
You barely miss the ogre.
The ogre is lightly wounded.
You hit the ogre.
The ogre is moderately wounded.
The ogre hits you with a +0 giant club!
* * * LOW HITPOINT WARNING * * *
The ogre attacks as you move away! The ogre hits you with a +0 giant club!
You die...

##...P.. ......
#..._... ......
#..P.P.# #...#
#......####...##
#.......#......#
###....<#......#
#.....)......#
##...##.....##
#...##..@..#
#....##...O.#
##...#.........
#...#...........
....#...........
##...##.....####'
#.....# .......


You could see an ogre.

Vanquished Creatures
  Grinder (D:3)
  An ogre (D:5)
  A howler monkey (D:3)
  A quasit (D:4)
  An orc priest (D:3)
  2 iguanas (D:4)
  2 orc wizards (D:3)
  Ijyb (D:5)
  3 gnolls (D:4)
  10 adders
  4 shadow imps (D:4)
  4 white imps (D:4)
  4 ufetubi
  2 dart slugs (D:2)
  2 orcs (D:3)
  10 endoplasms
  4 giant cockroaches
  6 goblins
  12 hobgoblins
  5 jackals
  2 quokkas (D:4)
  3 ball pythons
  2 bats
  4 frilled lizards
  3 kobolds
  3 rats
93 creatures vanquished.

Vanquished Creatures (others)
  4 demonic plants (D:4)
  A plant (D:5)
5 creatures vanquished.

Grand Total: 98 creatures vanquished

Notes
Turn   | Place    | Note
-------+----------+-------------------------------------------
     0 | D:1      | BigDaddyOpFi the Formicid Fighter began the quest for the
                  | Orb.
     0 | D:1      | Reached XP level 1. HP: 18/18 MP: 1/1
   401 | D:1      | Reached XP level 2. HP: 18/24 MP: 2/2
   852 | D:2      | Found Ceommeum's Magic Scroll Emporium.
   853 | D:2      | Found Opsemy's Antique Armour Shoppe.
   888 | D:2      | Reached XP level 3. HP: 29/29 MP: 3/3
  1168 | D:2      | Reached XP level 4. HP: 37/37 MP: 4/4
  1371 | D:2      | Found Ucveipn's Distillery.
  1862 | D:3      | Reached skill level 5 in Shields
  1862 | D:3      | Reached XP level 5. HP: 42/42 MP: 5/5
  1862 | D:3      | Found Gischat's General Store.
  1906 | D:3      | Found a snail-covered altar of Cheibriados.
  2041 | D:3      | Noticed Grinder
  2075 | D:3      | Killed Grinder
  2076 | D:3      | Reached skill level 1 in Polearms
  2076 | D:3      | Reached XP level 6. HP: 30/49 MP: 6/6
  2169 | D:3      | Became a worshipper of Cheibriados the Contemplative
  2321 | D:3      | Found Vobrefoe's Weapon Shoppe.
  2323 | D:3      | Found Yjem's Jewellery Shoppe.
  2397 | D:3      | Reached XP level 7. HP: 26/55 MP: 7/7
  2399 | D:3      | Reached skill level 6 in Shields
  2399 | D:3      | Reached skill level 1 in Invocations
  2531 | D:3      | Found a stormy altar of Qazlal.
  2532 | D:3      | Noticed a water elemental
  2534 | D:3      | Noticed an air elemental
  2535 | D:3      | Noticed a fire elemental
  2731 | D:4      | Found a staircase to the Ecumenical Temple.
  2776 | D:3      | Reached skill level 5 in Fighting
  3002 | D:4      | Reached skill level 5 in Armour
  3006 | Temple   | Entered the Ecumenical Temple
  3187 | D:4      | Found a white marble altar of Elyvilon.
  3344 | D:4      | Reached * piety under Cheibriados
  4753 | D:5      | Entered Level 5 of the Dungeon
  4753 | D:5      | Found a blossoming altar of Fedhas.
  5072 | D:5      | Noticed Ijyb
  5072 | D:5      | Noticed Eustachio
  5082 | D:5      | Reached XP level 8. HP: 48/63 MP: 9/9
  5129 | D:5      | Killed Ijyb
  5144 | D:4      | Gained mutation: You are vulnerable to cold. (rC-) [potion
                  | of mutation]
  5656 | D:5      | Reached ** piety under Cheibriados
  5824 | D:5      | Slain by an ogre

Illustrated notes

Levels and vault maps discovered:
D:1:      nagdon_arrival_double_spiral, layout_loops_ring, minmay_3d_cube
D:2:      minmay_skewed_foursquare, layout_basic, serial_shops, shop, shop, shop
D:3:      layout_loops_ring, nicolae_qazlal_style_of_elements,
          marbit_many_paths, serial_shops, shop, shop,
          nicolae_shop_window_shopping, chequers_serial_rivers_marsh,
          minmay_randomly_rotated_circles, uniq_grinder
D:4:      layout_layer_cave, elyvilon_altar_3, minmay_temple_entry_mist,
          serial_demonic, serial_demonic_b, serial_demonic_e, serial_demonic_c,
          serial_demonic_f
D:5:      layout_gridville, fedhas_altar_1, vehumet_crystals, uniq_ijyb,
          uniq_prince_ribbit1, uniq_eustachio
Temple:   chequers_temple_sunken

Skill      XL: |  1  2  3  4  5  6  7  8 |
---------------+-------------------------+-----
Fighting       | 4 5 |  5.4
Armour         | 4 5 |  5.4
Shields        | 5 6 |  6.6
Polearms       | 1 2 3 |  3.0
Invocations    | 2 |  2.7
Axes           | |  2.9

Action                     |  1- 3 |  4- 6 |  7- 9 || total
---------------------------+-------+-------+-------++-------
  Melee: War axe           |    52 |    62 |       ||   114
         Spear             |       |    91 |   355 ||   446
    Use: Scroll            |       |     4 |       ||     4
         Potion            |       |     3 |    15 ||    18
   Stab: Invisible         |       |       |     3 ||     3
 Armour: Scale mail        |    24 |   130 |   239 ||   393
         Skin              |       |       |   224 ||   224
  Dodge: Dodged            |    25 |   121 |   282 ||   428
  Block: Buckler           |    19 |    64 |   210 ||   293

Table legend: (Time is in decaauts)
 A = Elapsed time spent in this place.
 B = Non-inter-level travel time spent in this place.
 C = Inter-level travel time spent in this place.
 D = Time resting spent in this place.
 E = Time spent auto-exploring this place.
 F = Levels seen in this place.
 G = Mean time per level.
                   A        B        C        D        E       F      G
               +--------+--------+--------+--------+--------+-----+--------+
         Total |   6542 |   6176 |    366 |   1147 |   3871 |   6 | 1090.3 |
       Dungeon |   6398 |   6032 |    366 |   1005 |   3871 |   5 | 1279.6 |
        Temple |    143 |    143 |      0 |    142 |      0 |   1 |  143.0 |
               +--------+--------+--------+--------+--------+-----+--------+

Top non-repeatable levels by time:
     D:4: 2580 daAuts
     D:3: 1694 daAuts
     D:2: 939 daAuts
     D:1: 927 daAuts
     D:5: 255 daAuts
  Temple: 143 daAuts
